 Dungeon Crawl Stone Soup version 0.31.0-32-g396128a36d (webtiles) character file.

Game seed: 14063037201128034353

126 suse60 the Ruffian (level 4, -1/44 HPs)
             Began as a Troll Gladiator on Apr 8, 2024.
             Slain by a steam dragon (4 damage)
             ... on level 4 of the Dungeon.
             The game lasted 00:14:16 (2536 turns).

suse60 the Ruffian (Troll Gladiator)                Turns: 2536, Time: 00:14:16

Health: -1/44      AC:  5    Str: 24    XL:     4   Next: 84%
Magic:  3/3        EV: 15    Int:  4    God:
Gold:   66         SH:  0    Dex: 11    Spells: 3/3 levels left

rFire   . .          .
                       - Unarmed
rCold   . . .        (no shield)
rNeg    . . .        a - +0 robe
rPois   .            b - +1 hat
rElec   .            (no cloak)
rCorr   .            (gloves unavailable)
SInv    .            (boots unavailable)
Will    +....        (no amulet)
Stlth   +            j - ring of willpower
HPRegen 1.07/turn    e - +5 ring of evasion
MPRegen 0.08/turn

%: no passive effects
@: no status effects
A: large, unfitting armour, claws 3, regeneration 1, shaggy fur 1, tough skin 1
a: no special abilities


You were on level 4 of the Dungeon.
You visited 1 branch of the dungeon, and saw 4 of its levels.

You collected 138 gold pieces.
You spent 72 gold pieces at shops.

Inventory:

Missiles
 c - 3 throwing nets
Armour
 a - a +0 robe (worn)
 b - a +1 hat (worn)
Jewellery
 e - a +5 ring of evasion (right claw)
 j - a ring of willpower (left claw)
Scrolls
 d - a scroll of poison
 h - a scroll of teleportation
 m - a scroll of noise {unknown}
Potions
 f - 2 potions of curing
 g - a potion of invisibility


   Skills:
 + Level 2.7 Fighting
 - Level 3.0 Throwing
 - Level 2.4 Dodging
 + Level 4.0 Unarmed Combat


You had 3 spell levels left.
You didn't know any spells.
Your spell library contained the following spells:

 Spells                   Type           Power      Damage    Failure   Level
 Call Imp                 Summ           0%         N/A       65%         2
 Cigotuvi's Dreadful Rot  Necr/Alch/Air  0%         N/A       65%         2
 Sublimation of Blood     Necr           0%         N/A       65%         2
 Ignite Poison            Fire/Alch      0%         N/A       99%         4
 Summon Blazeheart Golem  Fire/Summ      0%         N/A       99%         4
 Freezing Cloud           Conj/Ice/Air   0%         6-21      100%        5
 Orb of Destruction       Conj           0%         9d5       100%        7
 Spellforged Servitor     Conj/Summ      0%         N/A       100%        7
 Summon Hydra             Summ           0%         N/A       100%        7


Dungeon Overview and Level Annotations

Branches:
Dungeon (4/15)
 Temple: D:4-7

Altars:
Sif Muna
Xom

Shops:
D:2 (?*


Innate Abilities, Weirdness & Mutations

You are too large for most types of armour.
You have claws for hands.
Your natural rate of healing is unusually fast.
You are covered in fur. (AC +1)
You have tough skin. (AC +1)


Message History

You claw the steam dragon!
The steam dragon is heavily wounded.
The steam dragon bites you. The steam dragon claws you.
You scratch the steam dragon but do no damage.
The steam dragon is heavily wounded.
You are engulfed in a cloud of scalding steam.
The steam dragon bites you. The steam dragon misses you.
You scratch the steam dragon but do no damage.
Your claw misses the steam dragon.
The steam dragon is heavily wounded.
The steam dragon barely misses you.
The steam dragon claws you but does no damage.
You closely miss the steam dragon.
The steam dragon is heavily wounded.
You barely miss the steam dragon. Your claw misses the steam dragon.
The steam dragon is heavily wounded.
The steam dragon barely misses you. x2
You claw the steam dragon!
The steam dragon is almost dead.
The steam dragon completely misses you.
The steam dragon claws you but does no damage.
You barely miss the steam dragon.
The steam dragon is almost dead.
The steam dragon misses you. The steam dragon claws you.
You barely miss the steam dragon.
The steam dragon is almost dead.
The steam dragon breathes steam at you. The ball of steam hits you!
You scratch the steam dragon but do no damage.
The steam dragon is almost dead.
You are engulfed in a cloud of scalding steam.
* * * LOW HITPOINT WARNING * * *
The steam dragon barely misses you.
The steam dragon claws you but does no damage.
You scratch the steam dragon but do no damage.
The steam dragon is almost dead.
You are engulfed in a cloud of scalding steam.
* * * LOW HITPOINT WARNING * * *
The steam dragon bites you.
You die...

...#.# ##.# #.#
##...#######)#########
#####..
##..................D. ..D..
..
#...PPPP..####.._..####..PPPP
#....?.......................
#.##.##.###...§.#############
#....##...#...§§#
.##..#####.#....§#
....######......@#
................D##########
.###########..[...........# .
#.....########## #.(...#
#.....# #######


You could see a steam dragon (catching breath).

Vanquished Creatures
  An orc priest (D:3)
  3 adders (D:2)
  3 dart slugs
  6 orcs (D:3)
  5 ball pythons
  6 bats
  7 endoplasms
  4 giant cockroaches
  4 goblins
  5 hobgoblins
  A quokka (D:1)
  A frilled lizard (D:2)
  4 kobolds
  5 rats
55 creatures vanquished.

Notes
Turn   | Place    | Note
-------+----------+-------------------------------------------
     0 | D:1      | suse60 the Troll Gladiator began the quest for the Orb.
     0 | D:1      | Reached XP level 1. HP: 19/19 MP: 0/0
   273 | D:1      | Reached XP level 2. HP: 28/28 MP: 1/1
   980 | D:2      | Reached XP level 3. HP: 34/35 MP: 2/2
  1060 | D:2      | Found a shimmering altar of Xom.
  1169 | D:2      | Found Noraif's Magic Scroll Emporium.
  1173 | D:2      | Bought a scroll of identify for 24 gold pieces
  1173 | D:2      | Bought a scroll of identify for 24 gold pieces
  1173 | D:2      | Bought a scroll of identify for 24 gold pieces
  1215 | D:2      | Found Putaic's Assorted Antiques.
  1433 | D:2      | Found Fithusex's Weapon Boutique.
  1604 | D:2      | Reached XP level 4. HP: 40/44 MP: 3/3
  1884 | D:3      | Reached skill level 4 in Unarmed Combat
  1912 | D:3      | Found a shimmering altar of Xom.
  2439 | D:4      | Found a shimmering blue altar of Sif Muna.
  2496 | D:4      | Noticed a steam dragon
  2536 | D:4      | HP: 2/44 [steam dragon] (7)]
  2536 | D:4      | Slain by a steam dragon

Illustrated notes

Levels and vault maps discovered:
D:1:      minmay_arrival_five_plusses, layout_basic
D:2:      layout_loops_ring, serial_shops, shop,
          nicolae_shop_overgrown_old_shop, shop, basic_altar
D:3:      layout_basic, lemuel_crystal_altar, grunt_ministairs_14
D:4:      layout_rooms, mainiacjoe_overflow_boulevard

Skill      XL: |  1  2  3  4 |
---------------+-------------+-----
Throwing       | 2 3 |  3.0
Fighting       | 2 |  2.7
Unarmed Combat | 4 |  4.0
Dodging        | |  2.4

Action                     |  1- 3 |  4- 6 || total
---------------------------+-------+-------++-------
  Melee: Unarmed           |    77 |    55 ||   132
         Punch             |       |     2 ||     2
  Throw: Large rock        |       |     2 ||     2
    Use: Scroll            |     7 |     4 ||    11
         Potion            |       |     1 ||     1
   Stab: Sleeping          |     1 |     1 ||     2
 Armour: Robe              |    31 |    35 ||    66
  Dodge: Dodged            |    24 |    38 ||    62
